 Dungeon Crawl Stone Soup version 0.27-a0-1579-g97d2440184 (webtiles) character file.

Game seed: 11429997524897669634

1318 gimp the Chopper (level 8, -1/96 HPs)
             Began as a Formicid Wanderer on July 17, 2021.
             Slain by a wight (11 damage)
             ... on level 7 of the Dungeon.
             The game lasted 00:14:06 (9460 turns).

gimp the Chopper (Formicid Wanderer)                Turns: 9460, Time: 00:14:07

Health: -1/96      AC: 24    Str: 18    XL:     8   Next: 90%
Magic:  8/8        EV:  2    Int:  9    God:
Gold:   261        SH:  0    Dex: 14    Spells: 7/7 levels left

rFire    . . .     SeeInvis .   b - +0 hand axe
rCold    . . .     Faith    .   (no shield)
rNeg     + + +     Spirit   .   (armour currently unavailable)
rPois    +         Reflect  .   (helmet unavailable)
rElec    .         Harm     .   (cloak currently unavailable)
rCorr    .         Rampage  .   (gloves currently unavailable)
Will     .....                  (boots currently unavailable)
Stlth    +.........             (no amulet)
HPRegen  0.26/turn              (no ring)
MPRegen  0.11/turn              (no ring)

@: tree-form
A: stationary, stasis, torment immunity, boosted hp, permanent stasis, dig
shafts and tunnels, (antennae 3), four strong arms
a: no special abilities


You were on level 7 of the Dungeon.
You were a tree.
You visited 1 branch of the dungeon, and saw 7 of its levels.

You collected 294 gold pieces.
You spent 33 gold pieces at shops.

Inventory:

Hand Weapons
 a - a +2 spear
 b - a +0 hand axe (weapon)
 t - a +0 war axe
Missiles
 d - 45 poisoned darts (quivered)
Armour
 c - a +0 robe
 f - a +0 leather armour
 i - a +0 chain mail
 s - a +1 scale mail (melded)
Jewellery
 h - a ring of flight
 u - a ring of protection from fire
Wands
 m - a wand of digging (5)
Scrolls
 n - a scroll of fear
Potions
 k - a potion of resistance {unknown}
 o - a potion of flight
 q - 2 potions of might
 r - a potion of cancellation


   Skills:
 + Level 6.1 Fighting
 * Level 6.5(6.8) Axes
 - Level 3.0(5.1) Polearms
 - Level 5.0 Armour
 + Level 1.3 Dodging
 - Level 2.4 Shields
 - Level 4.0 Necromancy
 - Level 1.3 Poison Magic


You had 7 spell levels left.
You didn't know any spells.
Your spell library contained the following spells:

 Spells                   Type           Power      Damage    Failure   Level
 Sublimation of Blood     Necr           3%         N/A       12%         2
 Corpse Rot               Necr/Air       N/A        N/A       26%         2
 Beastly Appendage        Tmut           0%         N/A       38%         1
 Shock                    Conj/Air       0%         1d3       38%         1
 Ensorcelled Hibernation  Hex/Ice        0%         N/A       52%         2
 Wereblood                Tmut           0%         N/A       52%         2
 Spider Form              Tmut/Pois      0%         N/A       67%         3
 Airstrike                Air            0%         N/A       99%         4
 Shadow Creatures         Summ           N/A        N/A       100%        6
 Swiftness                Air            Unusable   N/A       N/A         3

Dungeon Overview and Level Annotations

Branches:
Dungeon (7/15)
 Temple: D:4-7

Altars:
Dithmenos
Kikubaaqudgha
Vehumet

Shops:
D:3 !   D:5 [

Annotations:
D:6 Dowan, Duvessa


Innate Abilities, Weirdness & Mutations

You are a tree.
Your roots penetrate the ground, keeping you stationary.
You cannot be teleported.
You are immune to unholy pain and torment.
Your maximum health is greatly increased.
Your equipment is partially melded.
You cannot be hasted, slowed, berserked, paralysed or teleported.
You can dig through walls and to a lower floor.
((You have a pair of large antennae on your head. (SInv)))
Your four strong arms can wield two-handed weapons with a shield.


Message History

The kobold brigand hits you but does no damage.
You barely miss the kobold brigand.
The kobold brigand is severely wounded.
The kobold brigand hits you with a +0 dagger.
You take 2 damage, and have 46/96 hp.
You barely miss the kobold brigand.
The kobold brigand is severely wounded.
The kobold brigand hits you but does no damage.
You hit the kobold brigand.
The kobold brigand is almost dead.
The kobold brigand hits you but does no damage.
You hit the kobold brigand.
You kill the kobold brigand!
You barely miss the kobold. The kobold hits you but does no damage.
You hit the kobold.
You kill the kobold!
Okay, then.
You hit the wight but do no damage. The wight hits you but does no damage.
You are electrocuted!!
You take 17 damage, and have 30/96 hp.
You barely miss the wight. The wight hits you but does no damage.
You hit the wight.
The wight is lightly damaged.
The wight hits you but does no damage.
You hit the wight.
The wight is lightly damaged.
The wight hits you but does no damage.
You are electrocuted!!
* * * LOW HITPOINT WARNING * * *
You take 20 damage, and have 10/96 hp.
MASSIVE DAMAGE!!
Okay, then.
Unknown command.
Okay, then.
You hit the wight.
The wight is heavily damaged.
The wight hits you with a +0 hand axe of electrocution.
* * * LOW HITPOINT WARNING * * *
You completely miss the wight.
The wight is heavily damaged.
The wight hits you but does no damage.
You are electrocuted!
You die...

... #.# # #.# { ###
#.#.############## #
#..
#.#.#.....♣zKKKZ.#♣♣♣{♣
#.#
#.#.#.##########.;♣≈≈≈♣
# #.#.###...........#
#.♣≈≈♣≈≈P♣
#.#.........#####.#
#{≈{{≈≈≈≈≈
#.#######.###
#{♣{≈≈≈≈♣≈♣ #.#######.#
#.♣≈≈P≈≈P≈≈≈
#.#.......#
#♣♣P≈≈≈≈P≈≈≈
#.#.####..# ♣♣≈≈≈≈≈≈≈≈
#.#.# #..# ≈≈≈≈≈≈≈P≈


You could see an electric eel, a wight, 3 kobolds and a centaur skeleton.

Vanquished Creatures
  An orc warrior (D:7)
  A necrophage (D:7)
  2 sky beasts
  An ogre (D:4)
  2 kobold brigands
  2 scorpions (D:5)
  A water moccasin zombie (D:6)
  A bullfrog zombie (D:5)
  A centaur zombie (D:6)
  A gnoll shaman (D:5)
  A hound (D:5)
  2 jellies
  A bullfrog skeleton (D:6)
  A centaur skeleton (D:5)
  2 iguanas
  An orc wizard (D:7)
  A killer bee zombie (D:7)
  A howler monkey zombie (D:3)
  5 gnolls (D:5)
  3 adders
  A shadow imp (D:7)
  2 white imps
  An ufetubus (D:7)
  3 dart slugs
  3 orcs
  4 endoplasms
  5 giant cockroaches
  6 goblins
  10 hobgoblins
  11 jackals
  3 quokkas
  8 ball pythons
  4 bats
  3 frilled lizards
  16 kobolds
  7 rats
118 creatures vanquished.

Vanquished Creatures (others)
  15 plants (D:7)
15 creatures vanquished.

Grand Total: 133 creatures vanquished

Notes
Turn   | Place    | Note
-------+----------+-------------------------------------------
     0 | D:1      | gimp the Formicid Wanderer began the quest for the Orb.
     0 | D:1      | gimp set off with the following items: a +2 spear, a +0
                  | hand axe, a +0 robe; and the following spells available to
                  | memorise: Sublimation of Blood, Corpse Rot
     0 | D:1      | Reached XP level 1. HP: 18/18 MP: 1/1
   255 | D:1      | Reached XP level 2. HP: 9/24 MP: 2/2
   445 | D:1      | Found a faded altar of an unknown god.
   466 | D:1      | Reached skill level 1 in Polearms
   715 | D:1      | Reached skill level 1 in Armour
   983 | D:1      | Reached XP level 3. HP: 29/29 MP: 3/3
  1625 | D:2      | Reached XP level 4. HP: 37/37 MP: 4/4
  2254 | D:3      | Found Tabbeul's Distillery.
  2262 | D:3      | Bought a potion of curing for 33 gold pieces
  2288 | D:3      | Noticed a phantom
  3340 | D:4      | Reached XP level 5. HP: 21/42 MP: 5/5
  3876 | D:4      | Found a shadowy altar of Dithmenos.
  4079 | D:4      | Noticed an ogre
  4083 | D:4      | You fall into a shaft and drop 3 floors!
  4333 | D:6      | Noticed a black bear
  4333 | D:6      | Noticed a two-headed ogre
  4366 | D:6      | Reached skill level 1 in Axes
  4375 | D:6      | Found a radiant altar of Vehumet.
  4389 | D:6      | Reached XP level 6. HP: 28/49 MP: 6/6
  5097 | D:5      | Entered Level 5 of the Dungeon
  5330 | D:5      | Reached XP level 7. HP: 15/55 MP: 7/7
  5897 | D:5      | Reached skill level 5 in Fighting
  5899 | D:5      | You fall into a shaft and drop 2 floors!
  6351 | D:5      | Found Wameir's Antique Armour Emporium.
  7322 | D:4      | Reached XP level 8. HP: 30/62 MP: 8/8
  7589 | D:5      | Reached skill level 5 in Axes
  8822 | D:6      | Noticed Duvessa
  8823 | D:6      | Noticed Dowan
  8840 | D:5      | Reached skill level 5 in Armour
  8900 | D:6      | Found an ancient bone altar of Kikubaaqudgha.
  9258 | D:7      | Reached skill level 1 in Dodging
  9460 | D:7      | Slain by a wight

Illustrated notes

Levels and vault maps discovered:
D:1:      mainiacjoe_arrival_reflecting_pool, layout_basic,
          dreamdust_ecumenical_altar_statues, lemuel_old_faithful
D:2:      layout_loops_cross, hangedman_glass_teeth
D:3:      layout_basic, serial_shops, shop_fountains
D:4:      layout_basic, lemuel_round_altar, serial_co_window_serial,
          co_window_cross_1, co_window_paths_a, co_window_paths_b,
          co_window_paths_b, co_window_paths_a, co_window_cross_3,
          co_window_of_opportunity_c, co_window_paths_c, co_window_2corner,
          glass_columns_c, glass_columns_a, glass_columns_b, glass_columns_b,
          hex_intersection
D:5:      cheibrodos_thug_alley, layout_gridville, serial_shops,
          nicolae_shop_waterfront
D:6:      layout_rooms, tgw_kikubaaqudgha, fiery_altar_vehumet,
          minmay_temple_entry_proselytizer, st_stairs_12, grunt_ministairs_13,
          serial_park_tiny_2, uniq_duvessa
D:7:      layout_loops_ring, mainiacjoe_overflow_catch_the_wave,
          serial_bayou_lake_a

Skill      XL: |  1  2  3  4  5  6  7  8 |
---------------+-------------------------+-----
Polearms       | 1 2 3 |  3.0
Armour         | 1 2 3 4 5 |  5.0
Fighting       | 4 5 6 |  6.1
Axes           | 1 3 4 6 |  6.5
Dodging        | 1 |  1.3
Shields        | |  2.4
Necromancy     | |  4.0
Poison Magic   | |  1.3

Action                   |  1- 3 |  4- 6 |  7- 9 || total
-------------------------+-------+-------+-------++-------
Melee: Spear             |   142 |   221 |   124 ||   487
       Hand axe          |       |       |   133 ||   133
Throw: Dart              |       |       |    32 ||    32
 Abil: Dig               |       |     6 |     8 ||    14
       Shaft Self        |       |     1 |     1 ||     2
  Use: Potion            |       |     1 |     5 ||     6
       Scroll            |       |       |    11 ||    11
 Stab: Sleeping          |     2 |       |       ||     2
       Distracted        |       |     1 |       ||     1
Armor: Robe              |     8 |       |       ||     8
       Leather armour    |    21 |    47 |       ||    68
       Scale mail        |       |     6 |    75 ||    81
       Skin              |       |       |    20 ||    20
Dodge: Dodged            |    79 |   103 |   124 ||   306

Table legend: (Time is in decaauts)
 A = Elapsed time spent in this place.
 B = Non-inter-level travel time spent in this place.
 C = Inter-level travel time spent in this place.
 D = Time resting spent in this place.
 E = Time spent auto-exploring this place.
 F = Levels seen in this place.
 G = Mean time per level.
                   A        B        C        D        E       F      G
               +--------+--------+--------+--------+--------+-----+--------+
         Total |   9461 |   9109 |    352 |   2182 |   5181 |   7 | 1351.6 |
       Dungeon |   9461 |   9109 |    352 |   2182 |   5181 |   7 | 1351.6 |
               +--------+--------+--------+--------+--------+-----+--------+

Top non-repeatable levels by time:
     D:5: 2421 daAuts
     D:4: 1777 daAuts
     D:3: 1206 daAuts
     D:1: 1197 daAuts
     D:7: 1178 daAuts
     D:2: 1032 daAuts
     D:6: 646 daAuts
